 Dungeon Crawl Stone Soup version 0.13.0-3-g966e3ec (webtiles) character file.

438 Charos the Cutter (level 6, -1/39 HPs)
             Began as a Halfling Wanderer on Oct 13, 2013.
             Slain by a kobold
             ... wielding a +0,+0 club
              (3 damage)
             ... in a sewer.
             The game lasted 00:19:04 (3784 turns).

Charos the Cutter (Halfling Wanderer)               Turns: 3784, Time: 00:19:05

HP  -1/39        AC  3     Str 15      XL: 6   Next: 55%
MP   7/7         EV 15     Int 12      God:
Gold 153         SH  0     Dex 17      Spells:  0 memorised,  5 levels left

Res.Fire  : . . .   See Invis. : .   a - +0 short sword
Res.Cold  : . . .   Warding    : .   t - +0 leather armour (curse)
Life Prot.: . . .   Conserve   : .   (no shield)
Res.Poison: .       Res.Corr.  : .   (no helmet)
Res.Elec. : .       Clarity    : .   (no cloak)
Sust.Abil.: . .     Spirit.Shd : .   (no gloves)
Res.Mut.  : .       Stasis     : .   (no boots)
Res.Rott. : .       Flight     : .   l - amulet of the gourmand
Gourmand  : +                        (no ring)
                                     (no ring)

@: mighty, quite poisoned, slightly resistant to hostile enchantments,
unstealthy
A: mutation resistance 1, slow metabolism 1
a: no special abilities


You were in a sewer.
You were very full.

You visited 1 branch of the dungeon, and saw 3 of its levels.
You also visited: Sewer.

You collected 103 gold pieces.

Inventory:

Hand weapons
 a - a +0,+0 short sword (weapon)
 b - a +0,+0 sling
 c - a +0,+0 falchion
 n - a +2,+3 spear {=f}
 r - a -1,-3 sling
Missiles
 g - 22 stones (quivered)
Armour
 d - a +0 robe
 t - a cursed +0 leather armour (worn)
Comestibles
 f - a bread ration
 p - a meat ration
 q - 2 chokos
Scrolls
 e - a scroll of enchant weapon II {unknown}
 h - 2 scrolls of recharging {unknown}
 i - 2 scrolls of enchant weapon I
 j - a scroll of magic mapping {unknown}
 k - a scroll of identify {unknown}
 m - 2 scrolls of teleportation {unknown}
 o - 2 scrolls of remove curse
 s - a scroll of noise {unknown}
Jewellery
 l - an amulet of the gourmand (around neck)


   Skills:
 + Level 3.6 Fighting
 + Level 5.4 Short Blades
 - Level 1.0 Polearms
 + Level 3.0 Slings
 + Level 3.7 Dodging
 + Level 3.8 Stealth
   Level 1.0 Invocations


You had 5 spell levels left.
You didn't know any spells.

Dungeon Overview and Level Annotations

Branches:
Dungeon (3/27)

Altars:
Elyvilon


Innate Abilities, Weirdness & Mutations

You are small and have problems with some larger weapons.
You are somewhat resistant to further mutation.
You have a slow metabolism.


Message History

* * * LOW HITPOINT WARNING * * *
The kobold unwields an uncursed blowgun.
The kobold wields an uncursed club.
The kobold misses you.
You puncture the big kobold!
You kill the big kobold!
You hear a splash.
Your Slings skill increases to level 3!
* * * LOW HITPOINT WARNING * * *
You feel sick. The kobold barely misses you.
Your unstable footing causes you to fumble your attack.
* * * LOW HITPOINT WARNING * * *
You feel sick.
Your unstable footing causes you to fumble your attack.
* * * LOW HITPOINT WARNING * * *
You feel sick. The kobold hits you but does no damage.
Your unstable footing causes you to fumble your attack.
* * * LOW HITPOINT WARNING * * *
You feel sick.
The kobold hits you with an uncursed club.
You die...

. .#.#.# #.#.#.#
#≈ (#≈#≈# #≈#≈#≈#
#≈ (#≈#≈# #≈#≈#≈#
≈#≈#≈#≈# #≈#≈#≈#
≈((#≈≈≈# #≈≈≈#≈≈
#(###≈## ##≈###≈
#(# #.# #≈# #≈
#K###.# #≈###≈
#@)≈≈≈# #.≈≈≈≈
##.≈≈## ##≈..#
#≈≈≈# #≈..# #.≈≈#
#.≈.# #.≈.##
##.≈.# #≈.≈.##
##....#
#.≈≈≈≈#####.≈...#
##≈...≈.≈≈≈.≈..##
###.≈≈≈≈≈≈≈.####


You could see a kobold.

Vanquished Creatures
  2 big kobolds (Sewer)
  6 adders
  A green rat (Sewer)
  3 worms
  2 oozes
  2 giant cockroaches (D:2)
  6 goblins
  6 grey rats
  4 hobgoblins
  6 kobolds
  2 quokkas (D:2)
  3 ball pythons (Sewer)
  6 bats
  3 giant newts
  8 jackals
  8 rats
68 creatures vanquished.

Notes
Turn   | Place    | Note
--------------------------------------------------------------
     0 | D:1      | Charos, the Halfling Wanderer, began the quest for the Orb.
     0 | D:1      | Reached XP level 1. HP: 12/12 MP: 1/1
   237 | D:1      | Reached XP level 2. HP: 18/18 MP: 2/2
   764 | D:1      | Reached XP level 3. HP: 23/23 MP: 3/3
   850 | D:2      | Found a white marble altar of Elyvilon.
  1462 | D:2      | Reached XP level 4. HP: 28/28 MP: 4/4
  1623 | D:2      | Noticed an ogre
  1647 | D:2      | HP: 1/28 [ogre/giant club (27)]
  2670 | D:3      | Reached skill level 1 in Slings
  2691 | D:3      | Reached XP level 5. HP: 10/34 MP: 5/5
  2705 | D:3      | Found a glowing drain.
  2768 | Sewer    | Entered a sewer
  3002 | Sewer    | Reached skill level 5 in Short Blades
  3337 | Sewer    | Reached XP level 6. HP: 35/39 MP: 7/7
  3784 | Sewer    | HP: 1/39 [poisoned by a kobold]
  3784 | Sewer    | Slain by a kobold

Action                   |  1- 3 |  4- 6 || total
-------------------------+-------+-------++-------
Melee: Short sword       |    99 |   157 ||   256
 Fire: Sling             |     9 |   125 ||   134
  Use: Potion            |     4 |     1 ||     5
       Scroll            |     2 |       ||     2
 Stab: Sleeping          |     2 |       ||     2
